 Dungeon Crawl Stone Soup version 0.20-a0-969-g3f209a8 (webtiles) character file.

427 AlphabetPasta the Vexing (level 6, -8/47 HPs)
             Began as a Barachi Arcane Marksman on Apr 7, 2017.
             Mangled by DoctorBileduct's ghost (9 damage)
             ... in a sewer on Apr 8, 2017.
             The game lasted 00:16:28 (3482 turns).

AlphabetPasta the Vexing (Barachi Arcane Marksman)  Turns: 3482, Time: 00:16:29

Health: -8/47      AC:  2    Str: 13    XL:     6   Next: 97%
Magic:  9/9        EV: 13    Int: 14    God:
Gold:   196        SH:  0    Dex: 12    Spells: 3/9 levels left

rFire    . . .     SeeInvis .   a - +0 mace
rCold    + . .     Gourm    .   (no shield)
rNeg     . . .     Faith    .   e - +0 robe
rPois    .         Spirit   .   (no helmet)
rElec    .         Reflect  .   o - scarf {rC+}
rCorr    .         Harm     .   (no gloves)
MR       .....                  (no boots)
Stlth    +.........             (no amulet)
Regen    0.2/turn               (no ring)
MPRegen  0.2/turn               (no ring)

@: can't hop, very slightly contaminated, slow
A: +LOS, swims, slowness 1, strong legs 1
a: Hop


You were in a sewer.
You were hungry.

You visited 1 branch of the dungeon, and saw 5 of its levels.
You also visited: Sewer.

You collected 196 gold pieces.

Inventory:

Hand Weapons
 a - a +0 mace (weapon)
 b - a +1 hand crossbow
Missiles
 d - 33 bolts
Armour
 e - a +0 robe (worn)
 o - a scarf of cold resistance (worn)
Scrolls
 g - a scroll of remove curse
Potions
 i - 2 potions of haste
 j - a potion of agility
 m - a potion of heal wounds
 q - a potion of flight
Books
 c - a book of Debilitation

   Spells                             Type                      Level
   a - Corona                         Hexes                        1
   b - Slow                           Hexes                        2
   c - Inner Flame                    Hexes/Fire                   3
   d - Portal Projectile              Hexes/Translocation          3
   e - Cause Fear                     Hexes                        4
   f - Leda's Liquefaction            Hexes/Earth                  4
Comestibles
 f - 3 bread rations
 p - 2 royal jellies


   Skills:
 + Level 3.2 Fighting
 * Level 4.2 Crossbows
 + Level 2.3 Armour
 + Level 3.2 Dodging
 + Level 2.2 Spellcasting
 * Level 5.0 Hexes


You had 3 spell levels left.
You knew the following spells:

 Your Spells              Type           Power        Failure   Level  Hunger
a - Corona                Hex            ###....      2%          1    #......
b - Slow                  Hex            ###.....     4%          2    ###....
c - Portal Projectile     Hex/Tloc       #.....       24%         3    ###....


Dungeon Overview and Level Annotations

Branches:
Dungeon (5/15)
 Temple: D:4-7

Altars:
Dithmenos

Shops:
D:4 (

Annotations:
Sewer DoctorBileduct's ghost, amateur OgBe


Innate Abilities, Weirdness & Mutations

Shadows flee at your approach. (+LOS)
You can swim through water.
You cover ground slowly.
You can hop short distances.


Message History

You are very lightly contaminated with residual magic.
As you read the scroll of blinking, it crumbles to dust.
You hit the kobold but do no damage. The kobold closely misses you.
You hit the kobold but do no damage. The kobold barely misses you.
The kobold closely misses you.
You barely miss the kobold. The kobold hits you.
* * * LOW HITPOINT WARNING * * *
You hit the kobold.
The kobold is heavily wounded.
The kobold hits you.
* * * LOW HITPOINT WARNING * * *
The kobold barely misses you.
You barely miss the kobold.
The kobold is heavily wounded.
The kobold hits you.
* * * LOW HITPOINT WARNING * * *
You closely miss the kobold.
The kobold is heavily wounded.
The kobold hits you but does no damage. DoctorBileduct's ghost hits you!
You die...

#......#≈≈≈≈≈≈......#
#.(....#≈≈≈#≈≈P....##
#....≈≈#≈≈(#≈≈.....#
#...≈P#≈≈≈#P......#
##...P≈(≈≈(#.......#
#....≈≈≈≈≈(#.......#
###...P#(≈(#...P...#
#....#≈≈)#..W..###
##''##≈))##'@###
#....#≈≈≈#.K..#
#....#≈≈)#..!.#
#).∩.#≈≈≈#.∩..#
#....#≈≈≈#?.!!#
######≈≈≈######
#...'≈≈≈# #∩∩.#≈≈≈#
#...#≈≈≈#


You could see DoctorBileduct's ghost and a kobold.

Vanquished Creatures
  3 big kobolds (Sewer)
  A crimson imp (D:5)
  A hound (D:5)
  Jessica (D:3)
  A worker ant (D:5)
  3 adders
  An ooze (D:5)
  2 worms (D:2)
  3 dart slugs
  3 leopard geckos (D:1)
  An orc (D:5)
  4 bats
  7 giant cockroaches
  6 goblins
  3 hobgoblins
  3 jackals (D:3)
  5 quokkas
  2 ball pythons
  7 frilled lizards
  6 kobolds
  4 rats
67 creatures vanquished.

Notes
Turn   | Place    | Note
-------+----------+-------------------------------------------
     0 | D:1      | AlphabetPasta the Barachi Arcane Marksman began the quest for the Orb.
     0 | D:1      | Reached XP level 1. HP: 15/15 MP: 2/2
   182 | D:1      | Reached XP level 2. HP: 13/21 MP: 3/3
   186 | D:1      | Learned a level 2 spell: Slow
  1139 | D:1      | Reached XP level 3. HP: 20/26 MP: 4/4
  1379 | D:2      | Learned a level 2 spell: Slow
  1379 | D:2      | Upgraded the game from 0.20-a0-967-g62cfa5d to 0.20-a0-969-g3f209a8
  1442 | D:2      | Found a faded altar of an unknown god.
  1896 | D:2      | Reached XP level 4. HP: 33/33 MP: 6/6
  2222 | D:2      | Reached skill level 1 in Armour
  2325 | D:3      | Reached skill level 4 in Hexes
  2333 | D:3      | Learned a level 3 spell: Portal Projectile
  2419 | D:3      | Noticed Jessica
  2423 | D:3      | Killed Jessica
  2472 | D:3      | Found a shadowy altar of Dithmenos.
  2479 | D:3      | You fall through a shaft for 2 floors!
  2479 | D:5      | Entered Level 5 of the Dungeon
  2558 | D:5      | Reached XP level 5. HP: 36/39 MP: 7/7
  2607 | D:4      | Found Plog's Weapon Emporium.
  3010 | D:4      | Found a glowing drain.
  3020 | Sewer    | Entered a sewer
  3217 | Sewer    | Noticed a big kobold
  3239 | Sewer    | Killed a big kobold
  3239 | Sewer    | Reached XP level 6. HP: 46/46 MP: 7/9
  3363 | Sewer    | Reached skill level 5 in Hexes
  3468 | Sewer    | Noticed DoctorBileduct's ghost (amateur OgBe)
  3475 | Sewer    | HP: 2/47 [DoctorBileduct's ghost (15)]
  3480 | Sewer    | HP: 1/47 [kobold (1)]
  3482 | Sewer    | Mangled by DoctorBileduct's ghost

Vault maps used:
D:1:      dpeg_arrival_prison
D:2:      chequers_ecumenical_altar_simple
D:3:      first_bread, grunt_dithmenos_smoke_and_mirrors, uniq_jessica
D:4:      serial_shops, shop, nicolae_shop_crystal, shop, shop,
          gup_sewer_entry_pipe, hangedman_decor_lopped
D:5:      serial_shops, nicolae_shop_waterfront, bh_chokoban
Sewer:    kennysheep_pipe_town

Skill      XL: |  1  2  3  4  5  6 |
---------------+-------------------+-----
Fighting       | 2 3 |  3.2
Armour         | 1 2 |  2.3
Hexes          | 4 5 |  5.0
Crossbows      | 3 4 |  4.2
Dodging        | 3 |  3.2
Spellcasting   | 2 |  2.2

Action                   |  1- 3 |  4- 6 || total
-------------------------+-------+-------++-------
Melee: Mace              |    88 |   124 ||   212
 Fire: Hand crossbow     |    30 |    61 ||    91
 Abil: Hop               |       |     3 ||     3
  Use: Scroll            |     7 |     7 ||    14
       Potion            |       |     1 ||     1
  Eat: Chunk             |     4 |     5 ||     9
Armor: Robe              |    25 |    24 ||    49
Dodge: Dodged            |    88 |   134 ||   222
